General information
- name: BNet
- type: Ladder 1vs1/FFA
- host: Battle.net
- saver: MoronMoronMoron
map: SecretValley
- players: 2
- length: 70:47
- speed: Fast
- version: 1.24 W3XP
- replay type: Public
» download(167 KB)
Players
team 1 (winner)
MoronMoronMoron (
purple | 45 APM | 3164 actions | 70:47)
5 Paladin
3 Holy Light
2 Divine Shield
1 Archmage
1 Brilliance Aura
» actions
| Assign group hotkey | 155 | |
| Basic commands | 98 | |
| Build / train | 199 | |
| ESC pressed | 23 | |
| Enter build submenu | 200 | |
| Enter hero's abilities submenu | 6 | |
| Give item / drop item | 5 | |
| Remove unit from queue | 1 | |
| Right click | 879 | |
| Select / deselect | 791 | |
| Select group hotkey | 375 | |
| Use ability | 432 | |
3164 total
» units
| Peasant | 60 | |
| Footman | 11 | |
| Mortar Team | 1 | |
| Knight | 6 | |
| Sorceress | 9 | |
87 total
» upgrades
| Defend | 1 | |
| Masonry | 3 | |
| Gunpowder | 3 | |
| Plating | 3 | |
| Lumber Harvesting | 2 | |
| Animal War Training | 1 | |
| Magic Sentry | 1 | |
| Fragmentation Shards | 1 | |
| Flare | 1 | |
| Sorceress Training | 2 | |
| Armor | 2 | |
| Swords | 1 | |
21 total
» buildings
| Altar of Kings | 1 | |
| Farm | 32 | |
| Barracks | 1 | |
| Lumber Mill | 3 | |
| Scout Tower | 121 | |
| Arcane Tower | 3 | |
| Guard Tower | 18 | |
| Town Hall | 5 | |
| Arcane Vault | 1 | |
| Keep | 3 | |
| Blacksmith | 1 | |
| Castle | 1 | |
| Workshop | 5 | |
| Arcane Sanctum | 3 | |
| Cannon Tower | 42 | |
240 total
» build order
00:09 Altar of Kings
00:12 Farm
00:44 Barracks
00:52 Farm
01:28 Farm
01:59 Lumber Mill
02:29 Scout Tower
02:30 Scout Tower
02:33 Farm
03:01 Arcane Tower
03:30 Scout Tower
04:13 Guard Tower
04:26 Town Hall
04:29 Scout Tower
04:30 Scout Tower
04:34 Scout Tower
04:37 Scout Tower
04:50 Scout Tower
04:54 Scout Tower
04:57 Arcane Tower
04:58 Guard Tower
05:08 Guard Tower
05:46 Guard Tower
06:26 Arcane Vault
06:51 Keep
06:51 Keep
08:21 Blacksmith
08:23 Scout Tower
08:24 Scout Tower
08:27 Scout Tower
08:28 Scout Tower
08:33 Scout Tower
08:33 Scout Tower
08:35 Scout Tower
08:36 Scout Tower
09:25 Guard Tower
09:27 Guard Tower
09:29 Castle
09:50 Guard Tower
09:53 Farm
09:54 Farm
09:58 Farm
10:00 Farm
10:28 Workshop
12:10 Workshop
12:11 Workshop
12:12 Workshop
12:44 Guard Tower
12:56 Scout Tower
12:59 Scout Tower
13:00 Scout Tower
13:07 Scout Tower
13:08 Scout Tower
13:11 Town Hall
13:38 Guard Tower
13:53 Town Hall
13:59 Guard Tower
18:13 Arcane Sanctum
18:45 Scout Tower
19:03 Cannon Tower
20:51 Scout Tower
20:52 Scout Tower
20:52 Scout Tower
20:53 Scout Tower
21:08 Scout Tower
21:08 Scout Tower
21:13 Scout Tower
21:13 Scout Tower
21:14 Scout Tower
21:14 Scout Tower
21:15 Scout Tower
21:28 Workshop
21:45 Cannon Tower
21:48 Cannon Tower
21:52 Cannon Tower
22:22 Scout Tower
22:23 Scout Tower
22:23 Scout Tower
22:24 Scout Tower
22:24 Scout Tower
23:05 Scout Tower
23:17 Cannon Tower
23:22 Scout Tower
23:33 Cannon Tower
24:12 Cannon Tower
24:14 Scout Tower
24:14 Scout Tower
24:15 Scout Tower
24:15 Scout Tower
24:15 Scout Tower
24:35 Scout Tower
24:36 Scout Tower
24:36 Scout Tower
24:36 Scout Tower
24:36 Scout Tower
24:56 Cannon Tower
24:56 Cannon Tower
25:00 Scout Tower
25:12 Cannon Tower
25:12 Cannon Tower
25:34 Scout Tower
25:34 Scout Tower
25:35 Scout Tower
25:35 Scout Tower
25:36 Scout Tower
25:39 Cannon Tower
26:05 Guard Tower
26:05 Guard Tower
26:33 Lumber Mill
26:38 Cannon Tower
28:25 Scout Tower
28:25 Scout Tower
28:26 Scout Tower
28:28 Scout Tower
28:49 Lumber Mill
28:55 Cannon Tower
28:59 Cannon Tower
29:04 Scout Tower
29:07 Scout Tower
29:24 Cannon Tower
29:32 Scout Tower
29:32 Scout Tower
29:32 Scout Tower
29:33 Scout Tower
29:33 Scout Tower
29:33 Scout Tower
29:34 Scout Tower
29:34 Scout Tower
29:41 Guard Tower
29:43 Scout Tower
29:44 Scout Tower
30:17 Guard Tower
30:18 Scout Tower
30:19 Scout Tower
30:25 Cannon Tower
30:29 Scout Tower
30:30 Scout Tower
30:30 Scout Tower
30:30 Scout Tower
30:31 Scout Tower
30:31 Scout Tower
30:32 Scout Tower
30:32 Scout Tower
30:47 Guard Tower
30:51 Scout Tower
30:53 Scout Tower
31:20 Cannon Tower
31:23 Cannon Tower
31:35 Cannon Tower
31:38 Cannon Tower
31:40 Guard Tower
31:43 Scout Tower
31:54 Scout Tower
32:06 Scout Tower
32:09 Scout Tower
32:10 Scout Tower
32:13 Scout Tower
32:19 Scout Tower
32:20 Scout Tower
32:22 Scout Tower
32:28 Scout Tower
32:29 Scout Tower
32:44 Cannon Tower
32:44 Cannon Tower
32:47 Cannon Tower
32:47 Cannon Tower
32:49 Scout Tower
32:55 Cannon Tower
32:55 Cannon Tower
33:04 Cannon Tower
33:32 Guard Tower
33:35 Scout Tower
33:36 Scout Tower
34:09 Cannon Tower
35:13 Scout Tower
35:19 Scout Tower
35:57 Cannon Tower
35:59 Scout Tower
36:00 Scout Tower
36:32 Cannon Tower
36:50 Scout Tower
37:21 Cannon Tower
38:14 Scout Tower
38:15 Scout Tower
38:18 Scout Tower
38:19 Scout Tower
38:20 Scout Tower
39:14 Cannon Tower
39:20 Cannon Tower
39:44 Scout Tower
39:46 Scout Tower
39:48 Scout Tower
40:00 Scout Tower
40:03 Scout Tower
40:06 Scout Tower
40:09 Cannon Tower
40:13 Cannon Tower
40:15 Cannon Tower
40:44 Scout Tower
40:45 Scout Tower
41:30 Cannon Tower
41:33 Cannon Tower
41:46 Scout Tower
42:36 Scout Tower
42:37 Scout Tower
43:23 Cannon Tower
43:28 Scout Tower
48:21 Town Hall
51:12 Town Hall
52:58 Arcane Sanctum
52:58 Arcane Sanctum
61:55 Farm
62:01 Farm
62:07 Farm
62:10 Farm
62:11 Farm
62:13 Farm
62:15 Farm
62:29 Farm
62:31 Farm
62:47 Farm
62:51 Farm
62:54 Farm
62:57 Farm
63:03 Farm
63:05 Farm
63:27 Farm
63:45 Farm
64:23 Farm
64:28 Farm
64:29 Farm
64:34 Farm
65:51 Farm
66:47 Farm
67:04 Farm
» items
| Boots of Speed | 1 | |
| Staff of Teleportation | 1 | |
| Potion of Invisibility | 1 | |
| Lesser Clarity Potion | 3 | |
| Potion of Mana | 2 | |
| Scroll of Regeneration | 1 | |
| Potion of Healing | 1 | |
| Ivory Tower | 3 | |
| Orb of Fire | 1 | |
14 total
team 2 (loser)

»
mitryz (
yellow | 31 APM | 2193 actions | 70:46)
3 Dreadlord
2 Carrion Swarm
1 Sleep
» actions
| Basic commands | 16 | |
| Build / train | 57 | |
| Enter build submenu | 56 | |
| Enter hero's abilities submenu | 3 | |
| Remove unit from queue | 13 | |
| Right click | 1412 | |
| Select / deselect | 510 | |
| Use ability | 126 | |
2193 total
» units
| Acolyte | 22 | |
| Ghoul | -1 | |
| Crypt Fiend | 4 | |
25 total
» upgrades
| Cannibalize | 1 | |
| Creature Attack | 2 | |
| Creature Carapace | 2 | |
| Web | 1 | |
| Burrow | 2 | |
8 total
» buildings
| Crypt | 2 | |
| Ziggurat | 20 | |
| Altar of Darkness | 1 | |
| Graveyard | 3 | |
| Tomb of Relics | 2 | |
| Halls of the Dead | 1 | |
| Spirit Tower | 2 | |
| Sacrificial Pit | 1 | |
| Nerubian Tower | 3 | |
| Black Citadel | 1 | |
| Necropolis | 4 | |
40 total
» build order
00:06 Crypt
00:09 Ziggurat
00:12 Ziggurat
01:08 Altar of Darkness
02:05 Ziggurat
02:27 Graveyard
02:31 Graveyard
02:51 Tomb of Relics
02:58 Tomb of Relics
03:07 Ziggurat
04:00 Halls of the Dead
05:11 Spirit Tower
05:55 Ziggurat
06:00 Spirit Tower
07:04 Sacrificial Pit
08:45 Nerubian Tower
10:20 Black Citadel
52:03 Necropolis
55:43 Necropolis
58:46 Ziggurat
59:06 Ziggurat
59:39 Nerubian Tower
59:48 Ziggurat
59:58 Nerubian Tower
61:22 Necropolis
61:25 Graveyard
61:28 Crypt
61:34 Ziggurat
61:38 Ziggurat
62:18 Ziggurat
62:21 Ziggurat
62:23 Ziggurat
62:25 Ziggurat
62:31 Ziggurat
62:42 Ziggurat
63:06 Ziggurat
63:57 Ziggurat
64:01 Ziggurat
64:05 Ziggurat
67:09 Necropolis
Chat log
(10:48 / All) MoronMoronMoron: gg!
(14:14 / All) MoronMoronMoron: YOU ARE DOING GREAT YOUR MOM WOULD BE SO PROUD!!!
(15:45 / All) MoronMoronMoron: REMEMBER YOU CAN ALWAYS KILL NEUTRALS FOR GOLD
(42:13 / All) mitryz: ZzZz...
(67:21 / All) MoronMoronMoron: u r in prison
(67:25 / All) MoronMoronMoron: all u can do is work in the mine
(70:15 / All) MoronMoronMoron: get back in that mine slaves!
(70:21 / All) MoronMoronMoron: dont make me kill one of you sonnovabitches
(70:32 / All) MoronMoronMoron: HEY
(70:34 / All) MoronMoronMoron: GET BACK TO WORK
(70:37 / All) mitryz: )))
(70:38 / All) MoronMoronMoron: WHAT THE HLL ARE YOU DOING